Map: Acropolis LE

Players

Mez

  • Race: Terran Terran
  • League: Master
  • Spawn Location: 11:00

Rakerion - Winner!

  • Race: Zerg Zerg
  • League: Master
  • Spawn Location: 5:00

VOD

Have the link to the VOD?

Description

Time

  • Played on: Aug. 23, 2019, 11:03 a.m.
  • Length: 31:48
Show
View Real Time Build Order
Export as new Build Order

Mez Terran 

Build Orders: Reaper Expand 

Get SALT Encoding   

  12  0:00  SCV  
  13  0:13  SCV  
  14  0:17  Supply Depot  
  14  0:25  SCV  
  15  0:38  SCV  
  15  0:40  Barracks  
  16  0:45  Refinery  
  16  0:50  SCV  
  17  1:02  SCV  
  18  1:15  SCV  
  19  1:28  Orbital Command, Reaper  
  20  1:40  Command Center  
  20  1:50  Supply Depot  
  20  1:54  SCV  
  20  2:00  Marine  
  22  2:06  SCV  
  23  2:12  Factory  
  23  2:14  Refinery  
  23  2:35  SCV, Barracks Reactor  
  24  2:49  SCV  
  25  2:52  Orbital Command  
  25  3:00  Starport  
  25  3:01  SCV  
  26  3:17  Supply Depot  
  26  3:18  Hellion x2  
  26  3:19  SCV x2  
  32  3:23  Barracks Tech Lab  
  32  3:31  SCV  
  32  3:32  SCV  
  34  3:38  Viking  
  36  3:42  Hellion x2  
  36  3:44  Stimpack  
  36  3:45  Marine  
  41  3:49  SCV x2  
  41  3:53  Supply Depot  
  43  4:01  SCV x2  
  45  4:11  Marine, Barracks  
  45  4:14  Barracks  
  45  4:15  Factory Reactor  
  46  4:19  SCV  
  46  4:20  Starport Reactor, SCV  
  48  4:29  Marine  
  49  4:38  SCV x2  
  51  4:39  Command Center  
  51  4:43  Supply Depot  
  51  4:47  Marine  
  51  4:50  SCV x2  
  54  5:01  Factory Tech Lab  
  54  5:03  Marine x2  
  54  5:04  Medivac x2  
  54  5:05  SCV x2  
  62  5:10  Supply Depot  
  62  5:13  Engineering Bay  
  62  5:14  Engineering Bay  
  62  5:17  SCV  
  63  5:25  SCV  
  62  5:29  SCV  
  62  5:36  Marine x4  
  62  5:37  Marine, Siege Tank, SCV  
  62  5:41  SCV  
  72  5:43  Combat Shield  
  72  5:45  Terran Infantry Weapons Level 1  
  72  5:47  Refinery  
  72  5:48  Terran Infantry Armor Level 1  
  72  5:49  SCV, Refinery  
  73  5:51  Orbital Command  
  73  5:53  SCV  
  73  5:54  Marine  
  75  6:00  Marine x2  
  75  6:01  Marine x2, Supply Depot  
  77  6:12  Marine  
  78  6:18  Marine  
  78  6:22  SCV  
  80  6:27  Marine x3  
  80  6:31  Barracks x2  
  80  6:32  Marine, Supply Depot  
  84  6:33  Armory  
  84  6:35  SCV x2, Supply Depot  
  84  6:36  Marine  
  87  6:44  Marine  
  87  6:45  Marine x2  
  90  6:47  SCV  
  90  6:49  Orbital Command  
  90  6:50  Marine  
  87  7:02  Marine  
  87  7:03  Marine x3, Siege Tank  
  87  7:06  SCV x2  
  87  7:08  Supply Depot  
  96  7:18  SCV  
  96  7:19  Marine  
  96  7:21  Barracks Reactor  
  96  7:22  Barracks Reactor  
  98  7:23  Marine x3, Medivac x2  
  98  7:24  Marine  
  98  7:25  SCV  
  98  7:28  SCV  
  108  7:30  SCV  
  108  7:31  Supply Depot  
  108  7:37  Marine, SCV  
  111  7:47  Marine  
  111  7:48  Marine x3, Siege Tank  
  118  7:51  SCV x2  
  118  7:52  SCV  
  118  7:55  Marine, Command Center  
  122  8:03  SCV  
  122  8:05  Marine  
  101  8:08  Marine x7  
  107  8:12  Marine  
  107  8:14  Factory  
  107  8:15  SCV x2  
  107  8:16  Supply Depot  
  107  8:18  Refinery  
  107  8:19  Refinery  
  110  8:24  Supply Depot  
  110  8:27  Marine x7  
  110  8:30  Siege Tank  
  110  8:31  Medivac x2, Terran Infantry Weapons Level 2  
  124  8:36  Terran Infantry Armor Level 2  
  124  8:41  Terran Vehicle Weapons Level 1  
  124  8:42  Marine x2  
  124  8:46  Marine x5  
  124  8:47  Marine x2  
  133  8:50  Supply Depot  
  132  9:00  Supply Depot  
  132  9:01  Supply Depot  
  122  9:18  Marine x9  
  122  9:19  Siege Tank  
  122  9:20  Medivac  
  122  9:21  Factory Tech Lab, SCV x2, Medivac  
  122  9:22  SCV  
  141  9:35  Marine  
  141  9:36  Marine x5  
  147  9:38  Barracks  
  147  9:39  Barracks x2  
  147  9:40  Supply Depot  
  147  9:43  Siege Tank  
  150  9:51  Siege Tank, Missile Turret  
  153  9:53  Supply Depot  
  153  9:55  Marine x6  
  159  10:10  Orbital Command  
  159  10:13  Liberator x2  
  159  10:15  Siege Tank  
  162  10:21  Marine  
  162  10:23  Siege Tank  
  162  10:25  Marine x6  
  172  10:31  Starport  
  172  10:32  Starport  
  178  10:40  Barracks Tech Lab x2  
  178  10:41  Barracks Tech Lab  
  177  10:45  Refinery x2  
  162  10:55  Marine x5  
  162  10:56  Marine x4, Siege Tank  
  162  10:57  Siege Tank  
  176  11:03  SCV x4  
  180  11:13  Marine x2  
  180  11:14  Marine x4  
  180  11:15  Marine, SCV  
  180  11:17  Marauder  
  190  11:32  Marine  
  191  11:34  Siege Tank x2  
  191  11:38  Liberator  
  191  11:39  Liberator  
  195  11:49  Marine x6  
  198  12:01  Marine x4  
  170  12:10  Marine x8  
  180  12:17  Thor x2  
  180  12:20  Marauder  
  184  12:34  Marine x7  
  185  12:38  Viking  
  185  12:40  Starport Reactor  
  185  12:42  Starport Tech Lab  
  185  12:43  Viking  
  177  12:51  Command Center  
  177  12:54  Command Center, SCV  
  177  12:55  SCV x2  
  174  12:59  Thor  
  174  13:00  Thor  
  174  13:04  Viking  
  179  13:08  Viking  
  178  13:13  Viking  
  163  13:22  Marine  
  163  13:23  Marine x9  
  163  13:24  Marauder  
  144  13:32  Viking x2  
  137  13:34  Viking  
  137  13:38  Viking  
  141  13:42  Marine  
  141  13:43  Marine x10  
  152  13:54  Viking  
  147  14:01  Marine  
  147  14:02  Marine x11, Viking  
  161  14:09  Orbital Command  
  161  14:13  Thor  
  161  14:15  Thor  
  173  14:19  Marine x3, Medivac x2  
  180  14:29  Refinery  
  180  14:30  Refinery  
  180  14:38  Marine x6  
  180  14:39  Marine x3  
  180  14:41  Medivac x3  
  195  14:51  Planetary Fortress  
  195  14:52  Terran Infantry Armor Level 3, Terran Infantry Weapons Level 3  
  194  15:14  Marine x4  
  194  15:15  Marauder  
  200  16:01  Command Center  
  200  16:02  Command Center  
  198  16:17  Marine x11  
  184  16:50  Marine  
  184  16:51  Marine x11  
  184  16:52  Viking x4  
  176  17:00  Thor x2  
  147  17:08  Marine  
  147  17:09  Marine x6  
  147  17:13  Marine x5  
  143  17:22  Ghost Academy  
  143  17:26  Marine x6  
  143  17:27  Marine  
  148  17:31  Marine x2  
  148  17:32  Sensor Tower  
  150  17:45  Missile Turret  
  150  17:46  Marine x2, Marauder  
  150  17:47  Marine x5, Marauder, Thor  
  150  17:48  Thor  
  150  17:49  Viking x5  
  183  18:06  Marine x10  
  193  18:19  Viking x3  
  199  18:21  Command Center  
  199  18:24  Planetary Fortress  
  152  18:55  Marine  
  152  18:56  Marine x11  
  152  19:01  Planetary Fortress  
  144  19:13  Marine x5, Medivac x5  
  144  19:14  Marine x3  
  154  19:17  Thor  
  154  19:19  Thor  
  166  19:25  Refinery  
  166  19:26  Refinery  
  166  19:45  Ghost  
  166  19:46  Ghost x3  
  166  19:47  Marine  
  166  19:48  Marine x4  
  166  19:50  Medivac x3  
  185  19:57  Sensor Tower  
  185  19:58  Missile Turret  
  185  19:59  Missile Turret  
  185  20:01  Missile Turret  
  185  20:04  Thor x2  
  195  20:26  Ghost x2  
  180  20:53  Marine x10  
  180  20:54  Marine  
  180  20:55  Marine, Viking x2  
  165  21:11  Marine x10  
  136  21:12  Marine  
  147  21:25  Command Center  
  147  21:28  Marine  
  147  21:29  Marine x6  
  147  21:30  Thor  
  159  21:45  Planetary Fortress  
  159  22:03  Ghost x3  
  164  22:18  Ghost  
  166  22:23  Viking x3  
  166  22:25  Viking  
  174  22:32  Ghost  
  163  22:51  Marine x5  
  163  22:52  Marine x4, Marauder x2  
  163  22:55  Viking x2  
  119  23:20  Cyclone  
  119  23:24  Marine x2, Thor  
  119  23:25  Marine  
  121  23:33  Marine x3  
  120  23:42  Marine x3  
  123  23:52  Thor  
  129  23:56  Marine x5  
  129  23:57  Orbital Command  
  134  24:37  Marine x8  
  134  24:38  Ghost x4  
  142  24:41  Medivac x2  
  153  25:06  Ghost  
  153  25:08  Thor x2, Refinery  
  153  25:09  Orbital Command  
  167  25:32  Orbital Command  
  167  25:37  Personal Cloaking  
  167  25:39  Ghost x3  
  167  25:40  Marine x8, Marauder  
  180  25:58  Marine  
  180  26:02  Marine x8  
  181  26:07  Thor x2  
  181  26:08  Marine x3  
  153  26:56  Marine x6  
  153  26:57  Marine x6  
  140  27:03  Nuke  
  140  27:08  Medivac x5  
  122  27:14  Marine x12, Thor x2  
  140  27:32  Marine x5  
  139  27:38  Marine, Medivac x5  
  139  27:39  Marine  
  139  27:40  Marauder x3  
  148  27:57  Marine  
  148  27:58  Marine x6  
  154  28:07  Medivac  
  154  28:08  Viking  
  152  28:16  Marine x4  
  135  28:20  Marine  
  135  28:21  Marine x5  
  120  28:50  Marine x8  
  120  28:52  Marine x4  
  123  29:07  Marine  
  123  29:08  Marine  
  125  29:14  Ghost x2  
  125  29:15  Marine, Ghost x2  
  125  29:16  Marine x5  
  139  29:38  Viking x5  
  116  30:10  Marine x5  
  116  30:11  Ghost x2  
  94  30:23  Marine x5  
  94  30:28  Marine x2  
  82  31:01  Marine x2  
  57  31:28  Marine x3  
  57  31:29  Marine x4  
Show
View Real Time Build Order
Export as new Build Order

Rakerion Zerg - Winner!

Build Orders: Hatch First, Brood Lord Corruptor 

Get SALT Encoding   

  12  0:00  Drone  
  13  0:12  Overlord  
  13  0:16  Drone  
  14  0:31  Drone  
  14  0:32  Drone  
  16  0:50  Hatchery  
  16  0:52  Drone  
  16  0:54  Drone  
  17  0:58  Drone  
  18  1:09  Extractor  
  17  1:14  Spawning Pool  
  17  1:17  Drone  
  17  1:22  Drone  
  18  1:29  Drone  
  19  1:40  Drone  
  20  1:54  Drone  
  21  2:01  Queen x2  
  21  2:02  Zergling x2  
  21  2:03  Zergling x2  
  27  2:16  Hatchery  
  26  2:26  Overlord, Metabolic Boost  
  25  2:43  Queen, Drone x2  
  29  2:52  Drone x2  
  29  2:53  Drone  
  32  3:07  Drone x3  
  32  3:12  Overlord  
  35  3:27  Queen  
  35  3:30  Queen  
  35  3:31  Drone  
  35  3:34  Drone  
  41  3:36  Hatchery  
  40  3:43  Drone x2  
  42  3:49  Zergling x4  
  42  3:52  Drone x4  
  48  3:55  Overlord  
  48  3:58  Drone  
  49  4:11  Overlord  
  49  4:18  Overlord  
  49  4:21  Drone x7  
  56  4:33  Drone  
  56  4:34  Overlord  
  57  4:38  Spore Crawler  
  57  4:41  Extractor, Drone x8  
  57  4:42  Extractor  
  62  4:54  Spore Crawler, Zergling x12  
  67  5:04  Queen  
  67  5:28  Drone x3  
  67  5:29  Overlord x3, Drone x5  
  73  5:36  Spore Crawler  
  73  5:38  Lair, Drone  
  73  5:39  Drone x6  
  79  5:44  Evolution Chamber  
  79  5:45  Evolution Chamber  
  77  5:52  Drone  
  77  5:53  Extractor  
  77  5:54  Drone x3  
  80  5:57  Baneling Nest  
  79  6:08  Zergling x18  
  79  6:09  Zergling x2  
  87  6:14  Overlord x2  
  87  6:15  Zerg Ground Armor Level 1, Zerg Melee Weapons Level 1  
  88  6:18  Zergling x2  
  88  6:19  Overlord  
  87  6:26  Zergling x8  
  87  6:28  Queen  
  93  6:33  Drone x2  
  93  6:34  Zergling x10  
  93  6:35  Extractor  
  99  6:40  Centrifical Hooks, Drone x3  
  99  6:41  Overlord  
  93  7:08  Queen  
  93  7:09  Drone x4  
  93  7:10  Spore Crawler  
  93  7:11  Zergling x30, Extractor  
  111  7:18  Drone  
  112  7:23  Hatchery  
  112  7:26  Drone  
  112  7:29  Queen  
  112  7:32  Overlord x3  
  112  7:33  Zergling x8  
  118  7:38  Overlord  
  118  7:41  Baneling x10  
  116  7:44  Baneling x14  
  116  7:45  Zergling x14  
  122  7:52  Queen  
  122  7:53  Drone x2  
  122  7:55  Extractor  
  125  7:59  Infestation Pit  
  116  8:17  Zerg Melee Weapons Level 2, Zerg Ground Armor Level 2  
  116  8:24  Drone x3  
  116  8:25  Drone x2  
  116  8:26  Drone x4  
  116  8:27  Drone x3  
  127  8:29  Queen  
  127  8:30  Extractor  
  127  8:32  Hatchery  
  128  8:43  Burrow, Pneumatized Carapace  
  128  8:46  Hive  
  128  9:00  Extractor  
  128  9:01  Zergling x32  
  128  9:02  Zergling x12  
  147  9:21  Drone x7  
  154  9:30  Hatchery  
  153  9:34  Spore Crawler  
  152  9:40  Spire  
  151  9:47  Zergling x20  
  161  10:09  Drone  
  161  10:10  Drone x2  
  161  10:12  Spore Crawler  
  161  10:13  Overlord x3, Extractor  
  162  10:14  Spine Crawler  
  161  10:23  Zergling x6  
  161  10:27  Baneling x6  
  164  10:31  Overlord x3  
  154  10:56  Corruptor x11  
  149  10:58  Overlord, Corruptor x4  
  149  10:59  Corruptor x2  
  181  11:06  Greater Spire  
  181  11:07  Drone x2  
  181  11:09  Drone x3  
  181  11:10  Drone x9  
  186  11:20  Hatchery, Baneling x11  
  169  11:56  Zergling x2  
  169  11:57  Zergling x76  
  174  12:08  Zergling x2  
  174  12:09  Zergling x22  
  174  12:13  Queen x2  
  174  12:15  Zerg Ground Armor Level 3, Zerg Melee Weapons Level 3  
  185  12:21  Brood Lord x10  
  192  12:25  Zergling x16  
  195  12:44  Drone x3  
  195  12:48  Queen  
  200  12:54  Drone x5  
  200  12:57  Hatchery  
  196  13:06  Corruptor x2  
  190  13:26  Zergling x22  
  191  13:29  Zergling x14  
  191  13:32  Queen x2  
  200  13:46  Hatchery  
  199  14:00  Baneling x11  
  199  14:01  Zerg Flyer Weapons Level 1  
  197  14:27  Extractor, Hatchery  
  197  14:31  Extractor  
  194  14:32  Extractor  
  194  14:33  Extractor  
  194  14:35  Spine Crawler  
  194  14:37  Infestation Pit, Spine Crawler  
  189  14:49  Brood Lord  
  189  14:50  Corruptor  
  189  14:51  Corruptor x3  
  189  14:52  Zerg Missile Weapons Level 1  
  199  14:54  Baneling  
  199  14:55  Baneling x6  
  199  15:11  Overseer x3  
  199  15:12  Pathogen Glands  
  191  15:42  Infestor x4  
  199  16:09  Neural Parasite  
  199  16:10  Spore Crawler  
  191  16:28  Corruptor x4  
  163  16:57  Zergling x16  
  163  16:58  Corruptor x4  
  163  16:59  Corruptor x4  
  163  17:01  Infestor x8  
  183  17:02  Drone x19  
  198  17:15  Extractor  
  198  17:16  Hatchery, Extractor  
  195  17:26  Drone x2  
  195  18:19  Hatchery  
  194  18:27  Spore Crawler  
  193  18:39  Baneling x2  
  193  18:40  Baneling x23  
  193  18:45  Brood Lord  
  193  18:46  Brood Lord  
  181  19:05  Zergling x2  
  181  19:06  Zergling x20  
  181  19:07  Brood Lord, Corruptor  
  181  19:08  Brood Lord  
  198  19:43  Zerg Flyer Weapons Level 2  
  198  19:46  Spire, Drone  
  198  19:47  Drone  
  192  20:07  Infestor  
  192  20:08  Infestor x3  
  197  20:20  Queen x2  
  197  20:21  Zerg Missile Weapons Level 2  
  195  20:47  Corruptor x3  
  184  21:04  Overseer  
  166  21:10  Zergling x20  
  166  21:11  Corruptor x6  
  172  21:16  Zerg Flyer Armor Level 1  
  184  21:18  Overseer x3  
  184  21:19  Overseer x3  
  184  21:20  Overseer  
  184  21:21  Corruptor  
  184  21:22  Overlord x5  
  186  21:42  Spine Crawler  
  185  21:49  Spore Crawler  
  184  21:54  Spine Crawler  
  184  21:55  Spine Crawler, Extractor  
  184  21:56  Queen  
  184  21:57  Queen  
  184  21:59  Zerg Flyer Weapons Level 3  
  182  22:11  Brood Lord  
  182  22:12  Brood Lord, Corruptor x7  
  200  22:20  Baneling x14  
  175  23:04  Zergling x26  
  186  23:06  Infestor x5  
  186  23:09  Queen x2  
  186  23:12  Zerg Flyer Armor Level 2  
  192  23:21  Drone x16  
  192  23:22  Drone x4  
  171  23:37  Hatchery  
  165  23:42  Infestor x4  
  165  23:46  Brood Lord  
  165  23:48  Brood Lord  
  177  23:49  Brood Lord x4  
  177  23:50  Brood Lord  
  177  23:51  Corruptor  
  189  24:02  Spine Crawler  
  188  24:03  Spine Crawler  
  187  24:10  Brood Lord, Spine Crawler  
  187  24:13  Spine Crawler  
  187  24:16  Spine Crawler  
  186  24:24  Spine Crawler  
  186  24:38  Drone x9  
  186  24:39  Spine Crawler, Hatchery  
  186  24:40  Extractor  
  186  24:41  Spine Crawler, Extractor  
  186  24:44  Baneling  
  186  24:45  Baneling x10  
  189  24:49  Drone x3  
  189  24:50  Drone  
  189  24:51  Spine Crawler  
  189  24:52  Spine Crawler  
  191  24:53  Spore Crawler  
  191  24:54  Drone  
  191  24:55  Spore Crawler  
  191  24:56  Spine Crawler  
  191  24:57  Spine Crawler  
  191  24:58  Spine Crawler, Drone x5  
  192  25:10  Drone x3  
  192  25:11  Drone x3  
  198  25:17  Zerg Missile Weapons Level 3  
  198  25:27  Hatchery  
  198  25:28  Extractor  
  196  25:30  Extractor  
  182  26:26  Zergling x14  
  182  26:40  Zergling x24  
  173  27:05  Corruptor x8  
  173  27:07  Overlord x11, Overseer  
  173  27:08  Overseer x2  
  187  27:11  Zergling x10  
  187  27:20  Queen  
  187  27:22  Overlord x2, Queen  
  189  27:23  Queen  
  189  27:24  Queen  
  189  27:27  Brood Lord  
  189  27:28  Brood Lord x3, Corruptor  
  197  27:44  Zergling x16  
  196  28:19  Zergling x24  
  176  28:28  Corruptor x3  
  176  28:29  Corruptor x3  
  176  28:33  Brood Lord x2  
  192  28:35  Infestor x3  
  192  28:38  Zergling x4  
  193  29:02  Zergling x24  
  200  29:20  Spine Crawler  
  200  29:21  Spore Crawler, Spine Crawler  
  200  29:22  Spine Crawler  
  200  29:23  Spine Crawler  
  195  29:24  Spine Crawler  
  194  29:34  Brood Lord x2  
  194  29:35  Brood Lord  
  172  30:14  Zergling x2  
  172  30:15  Zergling x18  
  172  30:16  Infestor x3  
  188  30:25  Zergling x2  
  188  30:26  Zergling x22  
  200  30:35  Overlord x3  
  197  30:36  Overseer x3  
  195  30:43  Brood Lord  
  186  30:55  Drone x17  
  180  31:04  Zergling x36  
  190  31:10  Extractor x2  
  191  31:11  Hatchery  
  182  31:24  Zergling x28  
  188  31:32  Overseer x3  
  190  31:33  Overseer  
Tags
 
Add a new tag
Caveats
  • Supply blocks, unpowered buildings, or Contaminate may cause inaccurate times.
  • Supply counts are checked every 10 seconds.